 Dungeon Crawl Stone Soup version 0.19.1 (webtiles) character file.

128700 M4edhros the Blocker (level 17, -14/112 HPs)
             Began as an Octopode Artificer on Dec 5, 2016.
             Was a High Priest of Fedhas.
             Demolished by a merfolk
             ... wielding a +0 trident
              (21 damage)
             ... on level 4 of the Shoals on Dec 6, 2016.
             The game lasted 02:21:28 (30270 turns).

M4edhros the Blocker (Octopode Artificer)          Turns: 30270, Time: 02:21:28

Health: -14/112    AC:  8    Str: 28    XL:     17   Next: 4%
Magic:  27/27      EV: 28    Int: 15    God:    Fedhas [*****.]
Gold:   2716       SH: 24    Dex: 25    Spells: 7 memorised, 7 levels left

rFire  + . .     SeeInvis +     c - +10 short sword of Tartarus {venom, Str+2}
rCold  + . .     Gourm    .     B - +5 shield
rNeg   . . .     Faith    .     (helmet restricted)
rPois  +         Spirit   .     D - +4 amulet of reflection
rElec  +         Reflect  +     h - +5 ring of strength
rCorr  .         Harm     .     M - ring "Oggowol" {Fire *Slow Str+7 Slay+2 Stlth+}
MR     +....     Rnd*Rage +     L - ring of wizardry
Stlth  ++++++....               k - +3 ring of evasion
                                U - ring of protection from cold
                                Q - +3 ring of protection
                                Z - ring of Midwinter {rElec rC+ Slay+2}
                                g - +6 ring of dexterity

@: mesmerised, very slightly contaminated
A: almost no armour, stealthy swim, amphibious, 8 rings, constrict 8, tentacle
spike 1, icy blue scales 2, rugged brown scales 1, camouflage 1, see invisible,
agile 1, berserk 1, clever 1, poison resistance, screaming 1, gelatinous body 1,
evolution 1
a: Fungal Bloom, Evolution, Sunlight, Growth, Reproduction, Rain, Renounce
Religion


You were on level 4 of the Shoals.
You worshipped Fedhas.
Fedhas was extremely pleased with you.
You were not hungry.

You visited 5 branches of the dungeon, and saw 28 of its levels.
You visited the Abyss 1 time.
You also visited: Sewer and Ice Cave.

You collected 3396 gold pieces.
You spent 680 gold pieces at shops.

Inventory:

Hand Weapons
 c - the +10 short sword of Tartarus (weapon) {venom, Str+2}
   (You found it in an ice cave)

   It poisons the flesh of those it strikes.
   It affects your strength (+2).
 i - the +10 demon whip of Qurhuolu {vamp, *Corrode +Blink rPois Int+7}
   (You found it on level 2 of the Abyss)

   It inflicts no extra harm, but heals its wielder when it wounds a living foe.
   It affects your intelligence (+7).
   It protects you from poison.
   It lets you blink.
   It may corrode you when you take damage.
 o - a +4 hunting sling
 A - the +4 flail of Calamity {holy, +Rage}
   (You found it in a sewer)

   It has been blessed by the Shining One to cause great damage to the undead
   and demons.
   It lets you go berserk.
Missiles
 j - 658 stones (quivered)
 y - 182 sling bullets
Armour
 B - a +5 shield (worn)
Rods
 s - a +3 rod of shadows (9/9)
   (You found it on level 2 of the Abyss)
Jewellery
 g - a +6 ring of dexterity (on tentacle)
 h - a +5 ring of strength (left tentacle)
 k - a +3 ring of evasion (on tentacle)
 z - an uncursed amulet of magic regeneration
 D - a +4 amulet of reflection (around mantle)
 L - a ring of wizardry (on tentacle)
 M - the ring "Oggowol" (right tentacle) {Fire *Slow Str+7 Slay+2 Stlth+}
   (You found it on level 4 of the Dungeon)

   [ring of fire]

   It enhances your fire magic.
   It affects your strength (+7).
   It affects your accuracy and damage with ranged weapons and melee attacks
   (+2).
   It protects you from fire.
   It makes you vulnerable to cold.
   It may slow you when you take damage.
   It makes you more stealthy.
 Q - a +3 ring of protection (on tentacle)
 U - a ring of protection from cold (on tentacle)
 V - a +3 ring of intelligence
 Z - the ring of Midwinter (on tentacle) {rElec rC+ Slay+2}
   (You found it on level 5 of the Lair of Beasts)

   [ring of protection from cold]

   It affects your accuracy and damage with ranged weapons and melee attacks
   (+2).
   It protects you from cold.
   It insulates you from electricity.
Wands
 a - a wand of lightning (9/15)
 l - a wand of flame (16/48)
 p - a wand of polymorph (4/24)
 G - a wand of slowing (16/48)
 H - a wand of polymorph (8/24)
 X - a wand of slowing (13/48)
Scrolls
 e - 2 scrolls of magic mapping
 m - 2 scrolls of vulnerability
 u - a scroll of enchant weapon
 I - 3 scrolls of recharging
 O - a scroll of torment
 P - a scroll of holy word
 S - 3 scrolls of silence
 Y - a scroll of summoning
Potions
 n - 2 potions of resistance
 t - 5 potions of brilliance
 x - 2 potions of cancellation
 E - a potion of berserk rage
 K - 3 potions of might
Comestibles
 f - 9 bread rations
 v - 10 slices of pizza


   Skills:
 - Level 8.2 Fighting
 - Level 1.0 Short Blades
 - Level 9.2 Slings
 - Level 12.0 Dodging
 * Level 7.6 Stealth
 * Level 13.6 Shields
 + Level 7.2 Spellcasting
 + Level 8.6 Charms
 * Level 4.2 Transmutations
 - Level 9.0 Air Magic
 - Level 5.0 Poison Magic
 + Level 12.6 Invocations
 + Level 8.1 Evocations


You had 7 spell levels left.
You knew the following spells:

 Your Spells              Type           Power        Failure   Level  Hunger
a - Repel Missiles        Chrm/Air       ####..       1%          2    None
b - Blink                 Tloc           N/A          12%         2    None
c - Mephitic Cloud        Conj/Pois/Air  ###.....     4%          3    ##.....
d - Deflect Missiles      Chrm/Air       ####......   36%         6    #######
e - Stone Arrow           Conj/Erth      #.....       26%         3    ##.....
f - Ignite Poison         Fire/Tmut/Pois ###.....     7%          3    ##.....
g - Summon Lightning Spi  Summ/Air       ###.....     12%         4    ####...


Dungeon Overview and Level Annotations

Branches:
Dungeon (15/15)            Temple (1/1) D:6            Lair (6/6) D:11
 Shoals (4/4) Lair:3        Snake (0/4) Lair:2        Slime (0/5) Lair:5
    Orc (2/2) D:10            Elf (0/3) Orc:2        Vaults (0/5) D:14
 Depths (0/5) D:15

Altars:
Ashenzari
Cheibriados
Dithmenos
Elyvilon
Fedhas
Gozag
Hepliaklqana
Kikubaaqudgha
Makhleb
Nemelex Xobeh
Okawaru
Qazlal
Ru
Sif Muna
Trog
Uskayaw
Vehumet
Xom
Yredelemnul
Zin
The Shining One
Jiyva

Shops:
D:5 *   D:9 *   D:12 :   D:13 *   Orc:1 !   Orc:2 (%[[

Portals:
Trove: D:10 (show slimy rune of Zot)

Annotations:
D:9 Aksej's ghost, novice DsGl
D:15 exclusion: Roxanne, Roxanne
Shoals:4 Ilsuiw


Innate Abilities, Weirdness & Mutations

You cannot wear most types of armour.
You are very stealthy in the water. (Stealth+)
You are amphibious.
You can wear up to eight rings at the same time.
You can use your tentacles to constrict eight enemies at once.
Your skin changes colour to match your surroundings (Stealth+).
Your rubbery body absorbs attacks. (AC +1, EV +1)
One of your tentacles bears a spike.
You are mostly covered in icy blue scales. (AC +3)
You are partially covered in rugged brown scales. (AC +1, +3% HP)
You have supernaturally acute eyesight. (SInv)
You are agile. (Dex +2)
You tend to lose your temper in combat.
Your mind is acute. (Int +2)
Your system is resistant to poisons. (rPois)
You occasionally shout uncontrollably at your foes.
You evolve.


Message History

g - Guard the area. f - Follow me.
Anything else - Cancel.
Gang up on whom?
Press: ? - help, Dir - move target cursor, f - merfolk javelineer, p - merfolk aquamancer
Aim: a merfolk javelineer, wielding a spear and wearing a leather armour (almost dead) Attack!
The merfolk seems less confused.
The faun seems less confused.
You block the merfolk javelineer's attack.
The merfolk avatar chants its luring song.
You block the satyr's attack.
The faun barely misses the merfolk.
The merfolk javelineer throws a javelin of returning.
You reflect the javelin of returning off an invisible shield around you!
The javelin of returning hits the merfolk javelineer!!
The merfolk javelineer dies!
You hear a splash. x4
The merfolk hits the faun with a trident!
The faun is killed!
The faun's corpse dissolves into shadows!
The merfolk hits you with a trident!!
You die...
Fedhas appreciates your contribution to the ecosystem.

..P#. .m.' E..# ≈≈≈≈≈
.t.## ≈≈≈≈≈ ≈...###
≈≈≈≈≈# ##mc.....
≈≈≈≈≈≈#####mmc.....
≈≈≈≈≈≈≈≈≈≈≈≈≈≈.f@.c....≈
≈≈≈≈≈≈≈≈≈≈≈≈≈≈))m..mc..≈
≈≈≈≈≈≈≈≈≈≈≈≈≈(.P)m......
≈≈≈≈≈≈≈≈≈≈≈≈≈≈)PP...P...
≈≈≈≈≈≈≈≈≈≈≈≈)≈(.........
≈≈≈≈≈≈≈≈≈≈####≈†........
≈≈≈≈≈≈≈≈≈# ≈≈#........
≈≈≈≈≈≈≈≈# ≈≈#≈#.......
≈≈≈≈≈≈E## ≈≈ #≈......


You could see a merfolk avatar, a merfolk impaler (confused), a merfolk
javelineer, a satyr, a merfolk aquamancer, a snapping turtle, 3 merfolk, 3
fauns, a water elemental, a neutral active ballistomycete (unaware), 2 friendly
oklob plants and a friendly wandering mushroom.

Vanquished Creatures
  An orc warlord (Orc:1)
  Azrael (D:13)
  3 merfolk javelineers
  Snorg (Lair:5)
  4 merfolk impalers
  2 fire dragons (Shoals:2)
  An ogre mage (D:15)
  4 hydras
  2 alligator snapping turtles
  3 satyrs
  A centaur warrior (D:15)
  3 merfolk avatars
  3 merfolk aquamancers (Shoals:4)
  3 death yaks (Lair:6)
  A tengu warrior (D:13)
  2 orc high priests (Orc:2)
  A deep elf knight (D:15)
  A fire crab (shapeshifter) (D:14)
  12 slime creatures
  An iron troll (D:14)
  5 sea snakes
  2 unseen horrors
  2 wizards (D:15)
  A phantasmal warrior (D:14)
  4 hill giants
  4 orc knights (Orc:2)
  12 harpies
  3 orc sorcerers (Orc:2)
  A wolf spider (Lair:4)
  10 fauns
  13 ugly things
  3 deep elf magi
  9 manticores
  A centaur zombie (D:15)
  A cyclops (Shoals:4)
  7 elephants
  A black mamba (Lair:6)
  7 sirens (Shoals:3)
  3 ice statues (IceCv)
  A naga mage (D:15)
  A gargoyle (D:13)
  3 water nymphs
  14 spiny frogs
  A torpor snail (Lair:6)
  4 centaur skeletons
  3 rime drakes
  7 komodo dragons
  A freezing wraith (D:15)
  3 tyrant leeches (Lair:6)
  3 wind drakes
  2 two-headed ogres (D:14)
  7 trolls
  26 merfolk
  13 hippogriffs
  11 blink frogs
  9 snapping turtles
  5 dream sheep (Lair:6)
  A water elemental (Shoals:3)
  A wraith (D:11)
  28 yaks
  3 wyverns
  A human (D:8)
  3 fire bats (Lair:6)
  2 fire elementals (D:13)
  2 basilisks
  2 wandering mushrooms
  10 vampire mosquitoes
  A hungry ghost (D:13)
  A steam dragon (D:10)
  A warg (Orc:2)
  A swamp worm (shapeshifter) (D:14)
  A soldier ant (D:14)
  21 water moccasins
  2 hell hounds (D:13)
  11 porcupines
  A large abomination (Abyss:2)
  7 ice beasts
  23 orc warriors
  A sky beast (D:6)
  2 phantoms
  6 scorpions
  15 ogres
  7 wolves
  11 centaurs
  8 crocodiles
  A big kobold (D:11)
  24 bullfrogs
  2 gnoll sergeants (D:10)
  A wyvern skeleton (D:6)
  A water moccasin skeleton (D:9)
  2 killer bees (D:12)
  A wight (D:12)
  A howler monkey (D:1)
  2 electric eels (Lair:2)
  4 crimson imps
  A jelly (D:8)
  13 orc priests
  2 bullfrog skeletons
  17 orc wizards
  Ijyb (D:2)
  10 iguanas
  4 hell rats (Lair:3)
  9 worker ants
  A howler monkey zombie (D:10)
  4 gnolls (D:10)
  26 adders
  A shadow imp (D:15)
  A worm (D:6)
  A dart slug (D:4)
  9 leopard geckos
  88 orcs
  4 ball pythons
  8 bats
  6 giant cockroaches
  11 hobgoblins
  15 jackals
  9 kobolds
  2 quokkas
  4 frilled lizards
  4 goblins
  A jackal skeleton (D:7)
  2 leopard gecko skeletons (D:5)
  A quokka skeleton (D:8)
  8 rats
  3 ballistomycetes
  5 ballistomycete spores
  10 toadstools
746 creatures vanquished.

Vanquished Creatures (collateral kills)
  Louise (D:15)
  The ghost of pahom328dancer the Cleaver, a journeyman DDFi of Makhleb (Lair:6)
  A merfolk javelineer (Shoals:4)
  3 hydras
  A catoblepas (D:15)
  Erica (Lair:1)
  6 death yaks (Lair:6)
  3 merfolk aquamancers (Shoals:4)
  An orc high priest (Orc:2)
  Urug (D:15)
  A sea snake (Shoals:4)
  A lindwurm (D:14)
  A hill giant (D:12)
  3 ugly things
  5 elephants
  A black mamba (Lair:4)
  A gargoyle (D:10)
  9 spiny frogs
  4 komodo dragons
  3 trolls
  A merfolk (Shoals:4)
  A two-headed ogre (D:10)
  A slime creature (D:12)
  A hornet (Lair:4)
  3 polar bears
  7 blink frogs
  5 hippogriffs
  A vampire (D:13)
  A wraith (D:14)
  14 yaks
  2 basilisks
  A hungry ghost (D:15)
  8 water moccasins
  3 porcupines (Lair:1)
  7 orc warriors
  A phantom (D:12)
  3 wolves (Lair:4)
  2 ogres
  A centaur (Lair:3)
  A crocodile (Lair:1)
  2 bullfrogs
  3 big kobolds (D:10)
  A wyvern skeleton (D:7)
  A killer bee (D:12)
  3 wights (D:12)
  A crimson imp (D:15)
  3 orc wizards
  An orc priest (D:8)
  A hound (D:8)
  A bullfrog skeleton (D:11)
  2 centaur skeletons
  An iguana (D:6)
  A worker ant (D:11)
  A hell rat (Lair:3)
  3 adders
  A dart slug (D:1)
  3 orcs
  2 jackals (D:6)
  3 kobolds (D:11)
  A rat (D:6)
  12 ballistomycete spores
159 creatures vanquished.

Vanquished Creatures (others)
  4 oklob plants
  A merfolk javelineer (Shoals:4)
  A centaur warrior (D:13)
  An ugly thing (IceCv)
  2 manticores (Shoals:4)
  A centaur zombie (D:13)
  A tengu conjurer (D:13)
  A basilisk (D:13)
  2 orc warriors
  A sky beast (shapeshifter) (D:13)
  An ogre (D:15)
  4 centaurs
  42 wandering mushrooms
  A bullfrog (D:6)
  A bullfrog zombie (D:5)
  A worker ant zombie (D:8)
  An orc (D:4)
  3 ballistomycetes (D:13)
  16 ballistomycete spores
  2 bushes
  28 fungi
  A hyperactive ballistomycete (Shoals:4)
  65 plants
  827 toadstools
1008 creatures vanquished.

Grand Total: 1913 creatures vanquished

Notes
Turn   | Place    | Note
-------+----------+-------------------------------------------
     0 | D:1      | M4edhros the Octopode Artificer began the quest for the Orb.
     0 | D:1      | Reached XP level 1. HP: 13/13 MP: 3/3
   117 | D:1      | Reached XP level 2. HP: 17/18 MP: 4/4
   325 | D:2      | Found a basalt altar of Yredelemnul.
   325 | D:2      | Found an opulent altar of Gozag.
   325 | D:2      | Noticed Ijyb
  1028 | D:1      | Noticed a howler monkey
  1028 | D:1      | an adder changed into a howler monkey
  1172 | D:1      | Reached XP level 3. HP: 15/23 MP: 6/6
  1464 | D:3      | Reached skill level 1 in Slings
  1464 | D:3      | Reached XP level 4. HP: 15/28 MP: 7/7
  1778 | D:4      | Reached XP level 5. HP: 18/34 MP: 8/8
  2158 | D:5      | Entered Level 5 of the Dungeon
  2257 | D:5      | Noticed an ogre
  2266 | D:5      | Killed an ogre
  2266 | D:5      | Reached XP level 6. HP: 35/39 MP: 9/9
  2397 | D:5      | Found a shimmering altar of Xom.
  2513 | D:5      | Found Nebiwnam's Elemental Accessories.
  2575 | D:6      | Reached skill level 5 in Evocations
  2585 | D:6      | Found a staircase to the Ecumenical Temple.
  2605 | Temple   | Entered the Ecumenical Temple
  2637 | Temple   | Became a worshipper of Fedhas Madash
  2715 | D:6      | Reached XP level 7. HP: 23/45 MP: 10/10
  2908 | D:6      | Found a blossoming altar of Fedhas.
  2966 | D:6      | Found a glowing drain.
  2972 | Sewer    | Entered a sewer
  3249 | Sewer    | Got a translucent flail
  3250 | Sewer    | Identified the +4 flail of Calamity {holy, +Rage} (You found it in a sewer)
  3381 | D:5      | Reached * piety under Fedhas
  3584 | D:2      | Killed Ijyb
  3972 | D:1      | Reached skill level 5 in Slings
  3972 | D:1      | Reached skill level 1 in Shields
  4572 | D:4      | Got a faintly glowing lead ring
  4573 | D:4      | Identified the ring "Oggowol" {Fire *Slow Str+7 Slay+2 Stlth+} (You found it on level 4 of the Dungeon)
  4583 | D:4      | Reached XP level 8. HP: 53/53 MP: 12/12
  4635 | D:4      | Found a sacrificial altar of Ru.
  4635 | D:4      | Found a snail-covered altar of Cheibriados.
  4641 | D:4      | Found a faded altar of an unknown god.
  4643 | D:4      | Found a stormy altar of Qazlal.
  4644 | D:4      | Found a faded altar of an unknown god.
  5238 | D:6      | Reached skill level 2 in Shields
  5243 | D:6      | Gained mutation: Your flesh is cold resistant. (rC+) [mutagenic meat]
  5402 | D:6      | Reached ** piety under Fedhas
  5453 | D:7      | Reached skill level 5 in Dodging
  5510 | D:7      | Reached skill level 1 in Invocations
  5753 | D:7      | Noticed a hippogriff
  5756 | D:7      | Reached skill level 3 in Shields
  5763 | D:7      | Killed a hippogriff
  5955 | D:8      | Reached XP level 9. HP: 60/60 MP: 13/13
  6157 | D:8      | Reached skill level 5 in Fighting
  7073 | D:9      | Found Zodoapt's Assorted Antiques.
  7096 | D:9      | Reached *** piety under Fedhas
  7194 | D:9      | Bought an emerald ring for 140 gold pieces
  7194 | D:9      | Bought a scroll labeled XAHY XUSUCAPALAE for 28 gold pieces
  7292 | D:9      | Noticed Aksej's ghost (novice DsGl)
  7627 | D:9      | Reached skill level 4 in Shields
  7766 | D:10     | Entered Level 10 of the Dungeon
  7790 | D:10     | Found a portal to a secret trove of treasure.
  8164 | D:10     | Found a staircase to the Orcish Mines.
  8164 | D:10     | Noticed a troll
  8197 | D:10     | Reached skill level 5 in Shields
  8201 | D:10     | Killed a troll
  8219 | D:10     | Reached skill level 5 in Invocations
  8274 | D:10     | Reached XP level 10. HP: 12/68 MP: 14/14
  8601 | D:10     | Noticed a gargoyle
  8623 | D:10     | Killed a gargoyle
  9024 | D:9      | Found a deep blue altar of Sif Muna.
  9090 | D:11     | Reached skill level 6 in Shields
  9229 | D:11     | Noticed a hill giant
  9240 | D:11     | Killed a hill giant
  9374 | D:11     | Reached **** piety under Fedhas
  9547 | D:11     | Reached skill level 7 in Shields
  9641 | D:11     | Reached XP level 11. HP: 65/75 MP: 16/16
  9682 | D:11     | Noticed an eight-headed hydra
  9707 | D:11     | Killed an eight-headed hydra
  9786 | D:11     | Found a staircase to the Lair.
  9890 | D:11     | Noticed a hill giant
  9928 | D:11     | Killed a hill giant
 10103 | D:12     | Found Oginacox's Book Boutique.
 10123 | D:12     | Bought a book of Minor Magic for 260 gold pieces
 10126 | D:12     | Learned a level 2 spell: Repel Missiles
 10129 | D:12     | Learned a level 2 spell: Blink
 10133 | D:12     | Learned a level 3 spell: Mephitic Cloud
 10203 | D:12     | Gained mutation: You regenerate slowly when monsters are visible. [potion of mutation]
 10203 | D:12     | Gained mutation: Scrolls take you a little longer to read. [potion of mutation]
 10203 | D:12     | Lost mutation: Your flesh is cold resistant. (rC+) [potion of mutation]
 10205 | D:12     | Gained mutation: You occasionally shout uncontrollably at your foes. [potion of mutation]
 10205 | D:12     | Gained mutation: Scrolls take you longer to read. [potion of mutation]
 10206 | D:12     | Lost mutation: You occasionally shout uncontrollably at your foes. [potion of cure mutation]
 10206 | D:12     | Lost mutation: Scrolls take you longer to read. [potion of cure mutation]
 10206 | D:12     | Lost mutation: Scrolls take you a little longer to read. [potion of cure mutation]
 10206 | D:12     | Lost mutation: You regenerate slowly when monsters are visible. [potion of cure mutation]
 10274 | D:12     | Noticed a hill giant
 10285 | D:12     | Killed a hill giant
 10285 | D:12     | Reached skill level 8 in Shields
 10355 | D:12     | Reached skill level 1 in Poison Magic
 10479 | D:12     | Noticed a red ugly thing
 10487 | D:12     | Killed a red ugly thing
 10487 | D:12     | Reached skill level 1 in Air Magic
 10929 | D:13     | Noticed a white ugly thing
 10954 | D:13     | Killed a white ugly thing
 10954 | D:13     | Reached skill level 1 in Spellcasting
 11043 | D:13     | Noticed a centaur warrior
 11045 | D:13     | Found Ibes's General Store.
 11045 | D:13     | Noticed a cyan ugly thing
 11045 | D:13     | Noticed a manticore
 11161 | D:13     | Found a frozen archway.
 11167 | IceCv    | Entered an ice cave
 11439 | IceCv    | Noticed a white ugly thing
 12568 | IceCv    | Noticed a white ugly thing
 12604 | IceCv    | Killed a white ugly thing
 12604 | IceCv    | Reached XP level 12. HP: 80/81 MP: 18/18
 12648 | IceCv    | Got a polished short sword
 12667 | IceCv    | Got crude ice dragon scales
 12668 | IceCv    | Identified the cursed +0 ice dragon scales of the Evening {rF- rC++ Regen+ Str-2 Int+7 SInv} (You found it in an ice cave)
 12671 | IceCv    | Identified the +10 short sword of Tartarus {venom, Str+2} (You found it in an ice cave)
 13062 | Lair:1   | Entered Level 1 of the Lair of Beasts
 13062 | Lair:1   | Noticed Erica
 13421 | Lair:1   | Killed Erica
 13516 | Lair:1   | Reached skill level 10 in Dodging
 13927 | Lair:2   | Noticed an eight-headed hydra
 13946 | Lair:2   | Killed an eight-headed hydra
 13946 | Lair:2   | Reached skill level 9 in Shields
 14366 | Lair:2   | Found a staircase to the Snake Pit.
 14704 | Lair:2   | Reached skill level 5 in Air Magic
 15370 | Lair:3   | Reached ***** piety under Fedhas
 15522 | Lair:3   | Found a staircase to the Shoals.
 15626 | Lair:3   | Noticed a four-headed hydra
 15637 | Lair:3   | Killed a four-headed hydra
 15637 | Lair:3   | Reached XP level 13. HP: 51/86 MP: 20/20
 16196 | Lair:3   | Reached skill level 1 in Charms
 16204 | Lair:3   | Reached skill level 10 in Invocations
 16672 | Lair:4   | Reached skill level 5 in Poison Magic
 16867 | Lair:4   | Reached skill level 10 in Shields
 17120 | Lair:4   | Gained mutation: You occasionally shout uncontrollably at your foes. [potion of mutation]
 17120 | Lair:4   | Gained mutation: You are frail. (-10% HP) [potion of mutation]
 17711 | Lair:5   | Noticed Snorg
 17743 | Lair:5   | Killed Snorg
 17854 | Lair:5   | Learned a level 6 spell: Deflect Missiles
 18022 | Lair:5   | Got a warped tin ring
 18414 | Lair:5   | Found a viscous altar of Jiyva.
 18415 | Lair:5   | Found a staircase to the Slime Pits.
 18637 | Lair:6   | Entered Level 6 of the Lair of Beasts
 18728 | Lair:6   | Reached XP level 14. HP: 39/82 MP: 7/22
 18766 | Lair:6   | Reached skill level 5 in Charms
 19182 | Lair:6   | Noticed pahom328dancer's ghost (journeyman DDFi)
 19233 | Lair:6   | Killed pahom328dancer's ghost
 19780 | Lair:6   | Reached skill level 11 in Shields
 20346 | Lair:6   | Identified the ring of Midwinter {rElec rC+ Slay+2} (You found it on level 5 of the Lair of Beasts)
 21129 | Orc:1    | Entered Level 1 of the Orcish Mines
 21293 | Orc:1    | Found an iron altar of Okawaru.
 21486 | Orc:1    | Noticed an orc warlord
 21556 | Orc:1    | Killed an orc warlord
 21656 | Orc:1    | Found Bitsogeo's Distillery.
 21838 | D:9      | Bought a potion of mutation for 70 gold pieces
 21838 | D:9      | Gained mutation: You are partially covered in rugged brown scales. (AC +1, +3% HP) [potion of mutation]
 21838 | D:9      | Gained mutation: You tend to lose your temper in combat. [potion of mutation]
 21838 | D:9      | Gained mutation: You have supernaturally acute eyesight. (SInv) [potion of mutation]
 21888 | Orc:2    | Entered Level 2 of the Orcish Mines
 22092 | Orc:2    | Reached skill level 5 in Spellcasting
 22281 | Orc:2    | Paralysed by an orc sorcerer for 6 turns
 22446 | Orc:2    | Found Tiar's Antique Armour Emporium.
 22446 | Orc:2    | Found Mezxouda's Weapon Boutique.
 22450 | Orc:2    | Found Mudutt's Armour Emporium.
 22450 | Orc:2    | Found Xetoe's Food Boutique.
 22461 | Orc:2    | Bought 3 fruits for 63 gold pieces
 22649 | Orc:2    | Found a staircase to the Elven Halls.
 22665 | Orc:2    | Reached XP level 15. HP: 90/90 MP: 23/23
 23365 | D:13     | Noticed Azrael
 23376 | D:13     | Reached skill level 12 in Shields
 23410 | D:13     | Killed Azrael
 23534 | D:13     | Bought a scroll of teleportation for 51 gold pieces
 23534 | D:13     | Bought a scroll of identify for 34 gold pieces
 23537 | D:13     | Bought a scroll of identify for 34 gold pieces
 23695 | D:13     | Gained mutation: You evolve. [mutagenic meat]
 24471 | D:14     | Gained mutation: Your mind is acute. (Int +2) [mutagenic meat]
 24488 | D:14     | Found a gate to the Vaults.
 24883 | D:15     | Entered Level 15 of the Dungeon
 24999 | D:15     | Noticed Urug
 25018 | D:15     | Killed Urug
 25229 | D:15     | Found a staircase to the Depths.
 25292 | D:15     | Noticed Louise
 25372 | D:15     | Gained mutation: Your spells are a little easier to cast, but a little less powerful. [mutagenic meat]
 25374 | D:15     | Gained mutation: You are partially covered in icy blue scales. (AC +2) [mutagenic meat]
 25376 | D:15     | Gained mutation: One of your tentacles bears a spike. [mutagenic meat]
 25377 | D:15     | Lost mutation: You are frail. (-10% HP) [mutagenic meat]
 25378 | D:15     | Gained mutation: You often lose your temper in combat. [mutagenic meat]
 25379 | D:15     | Gained mutation: You are mostly covered in icy blue scales. (AC +3) [mutagenic meat]
 25380 | D:15     | Gained mutation: You are agile. (Dex +2) [mutagenic meat]
 25381 | D:15     | Gained mutation: Your magical capacity is low. (-10% MP) [mutagenic meat]
 25406 | D:15     | Noticed Roxanne
 25429 | D:15     | Cast into level 2 of the Abyss (Louise)
 25440 | Abyss:2  | Got a smoking demon whip
 25441 | Abyss:2  | Identified the +10 demon whip of Qurhuolu {vamp, *Corrode +Blink rPois Int+7} (You found it on level 2 of the Abyss)
 25458 | Abyss:2  | Identified a +3 rod of shadows (9/9) (You found it on level 2 of the Abyss)
 25511 | D:15     | Escaped the Abyss
 25546 | D:15     | Killed Louise
 26223 | Shoals:1 | Entered Level 1 of the Shoals
 26291 | Shoals:1 | Learned a level 3 spell: Stone Arrow
 26425 | Shoals:1 | Learned a level 3 spell: Ignite Poison
 27106 | Shoals:2 | Reached XP level 16. HP: 104/108 MP: 22/22
 27112 | Shoals:2 | Reached skill level 1 in Transmutations
 27437 | Shoals:2 | Reached skill level 13 in Shields
 28197 | Shoals:2 | Got a scorched animal skin
 28398 | Shoals:3 | Lost mutation: Your magical capacity is low. (-10% MP) [potion of mutation]
 28398 | Shoals:3 | Lost mutation: Your spells are a little easier to cast, but a little less powerful. [potion of mutation]
 28398 | Shoals:3 | Gained mutation: Your system is resistant to poisons. (rPois) [potion of mutation]
 28466 | Shoals:3 | Reached skill level 5 in Stealth
 29098 | Shoals:3 | Learned a level 4 spell: Summon Lightning Spire
 29266 | Shoals:3 | Lost mutation: You often lose your temper in combat. [evolution]
 29638 | Shoals:4 | Entered Level 4 of the Shoals
 29665 | Shoals:4 | Found a deep blue altar of Sif Muna.
 30233 | Shoals:4 | Noticed Ilsuiw
 30256 | Shoals:4 | HP: 3/108 [merfolk javelineer/javelin of penetration (17)]
 30264 | Shoals:4 | Reached XP level 17. HP: 5/112 MP: 8/27
 30270 | Shoals:4 | Demolished by a merfolk

Skill      XL: |  1  2  3  4  5  6  7  8  9 10 11 12 13 14 15 16 |
---------------+-------------------------------------------------+-----
Evocations     | 4 5 7 8 |  8.1
Slings         | 1 2 3 4 5 6 7 8 9 |  9.2
Dodging        | 3 4 5 7 8 9 10 11 12 | 12.0
Fighting       | 2 3 4 6 7 8 |  8.2
Shields        | 1 3 5 7 8 9 10 11 12 13 | 13.6
Invocations    | 2 5 7 8 9 10 11 12 | 12.6
Poison Magic   | 2 4 5 |  5.0
Air Magic      | 3 5 6 7 8 9 |  9.0
Spellcasting   | 1 2 4 5 6 7 |  7.2
Charms         | 4 6 7 8 |  8.6
Stealth        | 7 |  7.6
Transmutations | 4 |  4.2
Short Blades   | |  1.0

Action                   |  1- 3 |  4- 6 |  7- 9 | 10-12 | 13-15 | 16-18 || total
-------------------------+-------+-------+-------+-------+-------+-------++-------
Melee: Short sword       |    37 |       |       |    41 |   424 |   256 ||   758
       Constrict         |    15 |    13 |    48 |    28 |    69 |    68 ||   241
       Tentacles         |     9 |    12 |    45 |    79 |   205 |   130 ||   480
       Dagger            |    19 |    53 |    17 |    60 |       |       ||   149
       Flail             |       |       |   137 |   120 |       |       ||   257
       Kick              |       |       |       |       |    92 |   199 ||   291
 Fire: Hunting sling     |    13 |       |   132 |   736 |  1066 |    54 ||  2001
 Cast: Mephitic Cloud    |       |       |       |       |     9 |    27 ||    36
       Repel Missiles    |       |       |       |       |     2 |     1 ||     3
       Deflect Missiles  |       |       |       |       |     1 |     1 ||     2
       Blink             |       |       |       |       |     1 |       ||     1
       Summon Lightning  |       |       |       |       |       |     2 ||     2
Invok: Fungal Bloom      |       |     2 |    56 |    67 |   145 |    30 ||   300
       Evolution         |       |       |     3 |    11 |    34 |     6 ||    54
       Sunlight          |       |       |       |     3 |       |       ||     3
       Reproduction      |       |       |       |       |    10 |     7 ||    17
       Growth            |       |       |       |       |     1 |     2 ||     3
 Abil: Evoke Berserk Rag |       |       |     1 |     1 |       |       ||     2
Evoke: Wand              |    11 |    17 |    48 |    50 |    24 |       ||   150
       Sack of spiders   |       |       |       |       |     1 |       ||     1
  Use: Potion            |     2 |       |       |    18 |     7 |     9 ||    36
       Scroll            |     5 |     5 |     9 |    15 |    21 |     7 ||    62
 Stab: Sleeping          |     2 |     3 |     8 |     4 |    13 |     7 ||    37
       Paralysed         |       |     3 |     2 |       |       |       ||     5
       Confused          |       |       |       |     1 |     7 |     9 ||    17
       Distracted        |       |       |       |       |     8 |     1 ||     9
  Eat: Chunk             |     1 |     5 |     3 |     2 |    20 |     6 ||    37
       Meat ration       |       |       |     2 |     2 |     3 |     1 ||     8
       Pizza             |       |       |     1 |       |       |       ||     1
       Beef jerky        |       |       |     2 |     1 |     1 |       ||     4
       Bread ration      |       |       |       |     4 |     3 |     1 ||     8
Armor: Skin              |     8 |     1 |    10 |    41 |    25 |     4 ||    89
Dodge: Dodged            |    38 |    37 |   160 |   259 |   365 |   197 ||  1056
       Deflected         |       |       |       |       |    12 |     7 ||    19
Block: Shield            |       |       |       |   309 |   612 |   428 ||  1349
       Reflection        |       |       |       |     7 |    35 |    64 ||   106
